 Dungeon Crawl Stone Soup version 0.22-a0-157-g169b76a (webtiles) character file.

28 KristoblXynda the Slasher (level 3, -1/29 HPs)
             Began as a Draconian Gladiator on Feb 8, 2018.
             Slain by a gnoll
             ... wielding a +0 spear
              (11 damage)
             ... on level 2 of the Dungeon.
             The game lasted 00:01:05 (1298 turns).

KristoblXynda the Slasher (Draconian Gladiator)     Turns: 1298, Time: 00:01:06

Health: -1/29      AC:  5    Str: 16    XL:     3   Next: 0%
Magic:  3/3        EV: 13    Int:  9    God:
Gold:   53         SH:  0    Dex: 12    Spells: 2/2 levels left

rFire    . . .     SeeInvis .   a - +0 long sword
rCold    . . .     Gourm    .   (no shield)
rNeg     . . .     Faith    .   (armour unavailable)
rPois    .         Spirit   .   b - +0 hat
rElec    .         Reflect  .   (no cloak)
rCorr    .         Harm     .   (no gloves)
MR       .....                  (no boots)
Stlth    +.........             (no amulet)
HPRegen  0.09/turn              (no ring)
MPRegen  0.08/turn              (no ring)

@: no status effects
A: unfitting armour, cold-blooded, AC +5
a: no special abilities


You were on level 2 of the Dungeon.
You were not hungry.

You visited 1 branch of the dungeon, and saw 2 of its levels.

You collected 53 gold pieces.

Inventory:

Hand Weapons
 a - a +0 long sword (weapon)
Missiles
 c - 3 throwing nets (quivered)
Armour
 b - a +0 hat (worn)
Scrolls
 e - a scroll of amnesia {unknown}
 i - a scroll of enchant armour {unknown}
 j - a scroll of remove curse {unknown}
Potions
 f - a potion of lignification {unknown}
 g - a potion of degeneration {unknown}
 h - 2 potions of agility {unknown}
Comestibles
 d - 3 rations


   Skills:
 - Level 2.1 Fighting
 * Level 3.7 Long Blades
 - Level 2.0 Throwing
 + Level 3.0 Dodging


You had 2 spell levels left.
You didn't know any spells.

Dungeon Overview and Level Annotations

Branches:
Dungeon (2/15)

Altars:
The Shining One


Innate Abilities, Weirdness & Mutations

Your plain brown scales are hard. (AC +5)
You cannot fit into any form of body armour.
You are cold-blooded and may be slowed by cold attacks.


Message History

The gnoll hits you with a club!
You closely miss the gnoll.
The gnoll is heavily wounded.
The gnoll hits you with a club.
You hit the gnoll.
The gnoll is almost dead.
The gnoll misses you. The gnoll barely misses you.
You barely miss the gnoll.
The gnoll is almost dead.
The gnoll misses you.
The gnoll hits you from afar with a spear!
You hit the gnoll.
You kill the gnoll!
Your Dodging skill increases to level 3!
You have reached level 3!
Your experience leads to an increase in your attributes!
Increase (S)trength, (I)ntelligence, or (D)exterity?
You feel clever.
Your scales feel tougher.
The gnoll hits you from afar with a spear!
You die...

#.......#.#.#
#.#####.#.#.# #.#
#.#.#.# #.#.# #.#.#.#
#.#.# #.#g#.# #.#.#
#.#.#.# #.#.# #.#g#.#
#.#.# #.#.#.# #.#.#
#@#.#.### #######.#.#
#.gg....# ..........#
#.####.##
######.############.#
#........).....#
#.############## ###


You could see 2 gnolls.

Vanquished Creatures
  A gnoll (D:2)
  2 dart slugs (D:1)
  A giant cockroach (D:2)
  2 hobgoblins (D:1)
  3 kobolds
  A ball python (D:2)
  2 frilled lizards (D:1)
  2 goblins (D:1)
  3 rats
17 creatures vanquished.

Notes
Turn   | Place    | Note
-------+----------+-------------------------------------------
     0 | D:1      | KristoblXynda the Draconian Gladiator began the quest for the Orb.
     0 | D:1      | Reached XP level 1. HP: 17/17 MP: 1/1
   277 | D:1      | Found a glowing golden altar of the Shining One.
   458 | D:1      | Reached XP level 2. HP: 24/24 MP: 2/2
  1298 | D:2      | Reached XP level 3. HP: 10/29 MP: 3/3
  1298 | D:2      | Slain by a gnoll

Vault maps used:
D:1:      lightli_molten_gateway, hex_tiny, hangedman_decor_push,
          hex_intersection, tso_altar
D:2:      first_ration, fedhas_altar_3

Skill      XL: |  1  2 |
---------------+-------+-----
Throwing       | 2 |  2.0
Dodging        | 3 |  3.0
Fighting       | |  2.1
Long Blades    | |  3.7

Action                   || total
-------------------------++-------
Melee: Long sword        ||    35
       Tailslap          ||     4
  Eat: Chunk             ||     1
Armor: Skin              ||     5
Dodge: Dodged            ||    23
       Rpst.: Long sword ||     7

Table legend:
 A = Spawn XP
 B = Non-spawn XP
 C = Spawn XP percentage of total XP
 D = Spawn monster count
 E = Non-spawn monster count
 F = Spawn count percentage of total count
 G = Total turns spent on level
                    A         B        C        D         E        F      G
               +---------+---------+-------+---------+---------+-------+---------
         Total |       0 |      41 |   0.0 |       0 |      17 |   0.0 |  1298
               +---------+---------+-------+---------+---------+-------+---------
           D:1 |       0 |      19 |   0.0 |       0 |      10 |   0.0 |  1010
           D:2 |       0 |      22 |   0.0 |       0 |       7 |   0.0 |   288
               +---------+---------+-------+---------+---------+-------+---------
